 Dungeon Crawl Stone Soup version 0.18.0-1-g0107ab7 (webtiles) character file.

70 RudyRod the Grave Robber (level 4, -1/30 HPs)
             Began as a Demonspawn Necromancer on May 5, 2016.
             Killed from afar by Sigmund (8 damage)
             ... with a magic dart
             ... on level 2 of the Dungeon.
             The game lasted 00:08:25 (1986 turns).

RudyRod the Grave Robber (Demonspawn Necromancer)   Turns: 1986, Time: 00:08:26

Health: -1/30      AC:  8    Str:  8    XL:     4   Next: 3%
Magic:  5/8        EV: 12    Int: 18    God:
Gold:   57         SH:  0    Dex: 13    Spells: 2 memorised, 4 levels left

rFire  . . .     SeeInvis +     u - +2 mace (protect)
rCold  . . .     Gourm    .     a - +0 robe
rNeg   . . .     Faith    .     (no shield)
rPois  .         Spirit   .     (helmet restricted)
rElec  .         Dismiss  .     (no cloak)
rCorr  .         Reflect  .     (no gloves)
SustAt .         Harm     .     r - +0 pair of boots
MR     .....                    (no amulet)
Stlth  ++........               o - ring of see invisible
                                (no ring)

@: not resistant to hostile enchantments, unstealthy
A: horns 1, powered by pain 1
a: no special abilities


You were on level 2 of the Dungeon.
You were not hungry.

You visited 1 branch of the dungeon, and saw 2 of its levels.

You collected 57 gold pieces.

Inventory:

Hand Weapons
 n - a +0 hand axe
 u - a +2 mace of protection (weapon)
Armour
 a - a +0 robe (worn)
 r - a +0 pair of boots (worn)
 t - a +0 helmet
Jewellery
 o - a ring of see invisible (right hand)
Scrolls
 d - a scroll of fog {unknown}
 j - 5 scrolls of identify
 m - a scroll of remove curse
 q - 2 scrolls of fear {unknown}
 s - a scroll of magic mapping {unknown}
 w - a scroll of immolation {unknown}
Potions
 e - 2 potions of curing
 h - a potion of invisibility {unknown}
 k - a potion of ambrosia {unknown}
 l - a potion of mutation {unknown}
 p - a potion of flight {unknown}
Books
 b - a book of Necromancy

   Spells                             Type                      Level
   a - Pain                           Necromancy                   1
   b - Animate Skeleton               Necromancy                   1
   c - Vampiric Draining              Necromancy                   3
   d - Regeneration                   Charms/Necromancy            3
   e - Animate Dead                   Necromancy                   4
   f - Control Undead                 Necromancy                   4
Comestibles
 c - a bread ration
 f - a meat ration
 g - a beef jerky
 i - a slice of pizza


   Skills:
 + Level 1.7 Dodging
 + Level 1.8 Stealth
 + Level 2.7 Spellcasting
 + Level 5.6 Necromancy


You had 4 spell levels left.
You knew the following spells:

 Your Spells              Type           Power        Failure   Level  Hunger
a - Pain                  Necr           ###.         1%          1    #......
b - Vampiric Draining     Necr           ###.......   6%          3    ###....


Dungeon Overview and Level Annotations

Branches:
Dungeon (2/15)

Altars:
Fedhas

Annotations:
D:2 Sigmund


Innate Abilities, Weirdness & Mutations

You have a pair of small horns on your head.
You sometimes gain a little power by taking damage.


Message History

Sigmund convulses in agony!
Sigmund hits you from afar with a scythe!
Casting: Pain
Confirm with . or Enter, or press ? or * to list all spells.
You don't know that spell.
Sorry, you're not good enough to have a special ability.
Unknown command.
Sigmund casts a spell at you.
You are confused.
You're too confused to cast spells.
You bump into the rock wall.
Sigmund closely misses you. Sigmund hits you with a scythe!
* * * LOW HITPOINT WARNING * * *
Sigmund barely misses you.
You feel less confused. Sigmund gestures at you while chanting.
You resist with some effort.
Sigmund points at you and mumbles some strange words.
The magic dart hits you!
You die...

###### ##########....#
#.............#
..≈≈≈≈≈.≈≈≈≈..# ######
..≈≈≈≈≈.≈≈≈≈).####.....##
..≈≈≈≈≈.≈≈≈≈............#
..≈≈≈≈≈.≈≈≈≈.###@........
........≈≈≈≈.# #....>....
..≈≈≈≈.......# #.........
..≈≈≈≈.≈≈≈≈≈.# #.........
..≈≈≈≈.≈≈≈≈≈.###@...)....
..≈≈≈≈.≈≈≈≈≈............#
..≈≈≈≈(≈≈≈≈≈...#.........
...(.........#.#.........
.#.........##............


You could see Sigmund.

Vanquished Creatures
  Terence (D:1)
  An adder (D:2)
  An ooze (D:1)
  2 giant geckos (D:1)
  A bat (D:1)
  3 giant cockroaches
  2 goblins
  4 hobgoblins (D:1)
  3 jackals (D:1)
  2 kobolds
  A quokka (D:2)
  A ball python (D:2)
  2 giant newts (D:1)
  A rat (D:1)
25 creatures vanquished.

Notes
Turn   | Place    | Note
--------------------------------------------------------------
     0 | D:1      | RudyRod the Demonspawn Necromancer began the quest for the Orb.
     0 | D:1      | Reached XP level 1. HP: 13/13 MP: 3/3
   543 | D:1      | Gained mutation: You sometimes gain a little power by taking damage. [demonic ancestry]
   543 | D:1      | Reached XP level 2. HP: 19/19 MP: 3/5
   558 | D:1      | Reached skill level 5 in Necromancy
  1242 | D:1      | Found a blossoming altar of Fedhas.
  1404 | D:2      | Reached XP level 3. HP: 24/24 MP: 3/6
  1589 | D:2      | Noticed Terence
  1694 | D:1      | Killed Terence
  1694 | D:1      | Gained mutation: You have a pair of small horns on your head. [demonic ancestry]
  1694 | D:1      | Reached XP level 4. HP: 15/30 MP: 0/8
  1939 | D:2      | Learned a level 3 spell: Vampiric Draining
  1955 | D:2      | Noticed Sigmund
  1986 | D:2      | Killed from afar by Sigmund

Skill      XL: |  1  2 |
---------------+-------+-----
Necromancy     | 5 |  5.6
Dodging        | |  1.7
Stealth        | |  1.8
Spellcasting   | |  2.7

Action                   |  1- 3 |  4- 6 || total
-------------------------+-------+-------++-------
Melee: Hand axe          |     8 |       ||     8
       Unarmed           |     1 |       ||     1
 Cast: Pain              |    53 |     6 ||    59
  Use: Scroll            |     2 |       ||     2
 Stab: Sleeping          |     1 |       ||     1
  Eat: Chunk             |     3 |     1 ||     4
Armor: Robe              |    11 |       ||    11
Dodge: Dodged            |    21 |     2 ||    23
